 Dungeon Crawl Stone Soup version 0.29.1-2-gbd0b4ee654 (webtiles) character file.

Game seed: 10205151069126689966

695 zzzzzzzz the Cudgeller (level 7, 0/93 HPs)
             Began as a Minotaur Berserker on Nov 25, 2022.
             Was a Believer of Trog.
             Slain by a gnoll
             ... wielding a +0 spear
             ... led by a gnoll bouda
              (5 damage)
             ... on level 4 of the Dungeon.
             The game lasted 00:30:25 (4847 turns).

zzzzzzzz the Cudgeller (Minotaur Berserker)         Turns: 4847, Time: 00:30:25

Health: 0/93       AC:  9    Str: 24    XL:     7   Next: 37%
Magic:  6/6        EV: 11    Int:  4    God:    Trog [**....]
Gold:   189        SH:  0    Dex:  9    Spells: 6/6 levels left

rFire   + . .      SeeInvis .   f - +0 flail
rCold   . . .      Faith    .   (no shield)
rNeg    + . .      Spirit   .   s - +0 scale mail
rPois   .          Reflect  .   (helmet restricted)
rElec   .          Harm     .   D - +0 cloak
rCorr   .          Rampage  .   p - +0 pair of gloves
Will    .....                   (no boots)
Stlth   ..........              (no amulet)
HPRegen 0.25/turn               i - ring of positive energy
MPRegen 0.10/turn               o - ring of protection from fire

@: brilliant, berserking (expiring), very quick
A: horns 2, retaliatory headbutt
a: Renounce Religion, Berserk, Trog's Hand


You were on level 4 of the Dungeon.
You worshipped Trog.
Trog was pleased with you.
You visited 1 branch of the dungeon, and saw 4 of its levels.

You collected 189 gold pieces.

Inventory:

Hand Weapons
 a - a +0 mace
 e - a +0 falchion
 f - a +0 flail (weapon)
 n - a +0 whip
 r - a +0 flail
 w - a +0 dagger
 E - a +0 flail
Missiles
 k - 20 stones (quivered)
Armour
 p - a +0 pair of gloves (worn)
 s - a +0 scale mail (worn)
 y - a +2 animal skin
 z - a +2 helmet
 D - a +0 cloak (worn)
Jewellery
 i - a ring of positive energy (left hand)
 o - a ring of protection from fire (right hand)
 B - a ring of flight
Wands
 x - a wand of flame (24)
Scrolls
 c - a scroll of blinking {unknown}
 h - 4 scrolls of teleportation
 m - a scroll of enchant weapon {unknown}
 q - a scroll of fear {unknown}
 u - a scroll of immolation {unknown}
 v - a scroll of summoning {unknown}
 C - a scroll of identify
 G - a scroll of poison {unknown}
Potions
 d - a potion of heal wounds {unknown}
 g - a potion of might {unknown}
 t - a potion of magic {unknown}
 F - 2 potions of lignification {unknown}


   Skills:
 + Level 5.7 Fighting
 + Level 7.6 Maces & Flails
 + Level 4.8 Armour
 + Level 3.2 Dodging
 + Level 1.2 Stealth


You had 6 spell levels left.
You didn't know any spells.
Your spell library was empty.

Dungeon Overview and Level Annotations

Branches:
Dungeon (4/15)
 Temple: D:4-7

Altars:
Fedhas
Sif Muna


Innate Abilities, Weirdness & Mutations

You have a pair of horns on your head.
You reflexively headbutt those who attack you in melee.


Message History

* * * LOW HITPOINT WARNING * * *
The gnoll barely misses you.
It was a potion of brilliance.
You feel clever all of a sudden. The gnoll hits you but does no damage.
The gnoll misses you. The gnoll hits you but does no damage.
It was a potion of berserk rage.
A red film seems to cover your vision as you go berserk!
You feel yourself moving faster!
You feel mighty!
The gnoll hits you from afar with a +0 spear.
* * * LOW HITPOINT WARNING * * *
The gnoll hits you but does no damage. The gnoll closely misses you.
You furiously retaliate!
You headbutt the gnoll! You sock the gnoll!
You kill the gnoll!
Trog accepts your kill.
The gnoll is no longer moving quickly.
The gnoll bouda barks out a call to the hunt!
The gnoll picks up the pace!
The gnoll barely misses you. The gnoll misses you.
You barely miss the gnoll bouda. You sock the gnoll bouda!
Your headbutt misses the gnoll bouda.
The gnoll bouda is almost dead.
The gnoll hits you but does no damage.
The gnoll hits you from afar with a +0 spear.
* * * LOW HITPOINT WARNING * * *
You hit the gnoll bouda.
You kill the gnoll bouda!
Trog accepts your kill. The gnoll hits you but does no damage.
The gnoll barely misses you.
You are too injured to fight recklessly!
You are too injured to fight recklessly!
You barely miss the gnoll. Your headbutt misses the gnoll. You punch the gnoll.
The gnoll is moderately wounded.
The gnoll barely misses you. The gnoll hits you with a +0 spear!
* * * LOW HITPOINT WARNING * * *
You sock the gnoll!
The gnoll is almost dead.
The gnoll hits you but does no damage. The gnoll hits you with a +0 spear.
You die...

####'### ..#....#
#.#....# ..##
#.#....# #..#
#.#....#
#..###.#....# #
###......#....# #.
........'gg..#
#.###<..####@...#
...#.......)...#
#######.#...####....#
........†......#....#
###......#.#..##....#
#......#.#<.......#
##......#.###.######
##††.....#.......
.........#####....


You could see 2 gnolls.

Vanquished Creatures
  Grinder (D:3)
  Sigmund (D:3)
  A scorpion (D:3)
  A gnoll bouda (D:4)
  Jessica (D:3)
  Terence (D:2)
  Natasha (twice) (D:2)
  Robin (D:2)
  2 gnolls (D:4)
  4 adders
  A dart slug (D:1)
  4 orcs (D:3)
  5 bats
  4 endoplasms (D:1)
  5 giant cockroaches
  11 goblins
  6 hobgoblins
  4 jackals (D:2)
  A quokka (D:1)
  4 ball pythons
  A frilled lizard (D:2)
  2 kobolds
  4 rats
67 creatures vanquished.

Notes
Turn   | Place    | Note
-------+----------+-------------------------------------------
     0 | D:1      | zzzzzzzz the Minotaur Berserker began the quest for the
                  | Orb.
     0 | D:1      | Reached XP level 1. HP: 19/19 MP: 0/0
   162 | D:1      | Reached skill level 4 in Maces & Flails
   162 | D:1      | Reached XP level 2. HP: 21/27 MP: 1/1
  1217 | D:2      | Noticed Robin
  1670 | D:2      | Reached XP level 3. HP: 14/33 MP: 2/2
  1934 | D:2      | Noticed Terence
  1947 | D:2      | Killed Terence
  1950 | D:2      | Reached skill level 5 in Maces & Flails
  2248 | D:2      | Noticed Natasha
  2262 | D:2      | Killed Natasha
  2263 | D:2      | Reached XP level 4. HP: 16/41 MP: 3/3
  2526 | D:2      | Killed Robin
  2649 | D:2      | Reached ** piety under Trog
  2978 | D:2      | Noticed Natasha
  2983 | D:2      | Killed Natasha
  2984 | D:2      | Reached XP level 5. HP: 46/47 MP: 4/4
  3189 | D:3      | Reached skill level 6 in Maces & Flails
  3211 | D:3      | Reached skill level 5 in Fighting
  3621 | D:3      | Found a blossoming altar of Fedhas.
  3673 | D:3      | Noticed Sigmund
  3680 | D:3      | Killed Sigmund
  3681 | D:3      | Reached XP level 6. HP: 49/56 MP: 5/5
  3744 | D:3      | Noticed Jessica
  3752 | D:3      | Killed Jessica
  3907 | D:3      | Noticed Grinder
  3925 | D:3      | Paralysed by Grinder for 4 turns
  3965 | D:3      | Paralysed by Grinder for 2 turns
  3967 | D:3      | Killed Grinder
  3968 | D:3      | Reached skill level 7 in Maces & Flails
  3968 | D:3      | Reached skill level 1 in Stealth
  3968 | D:3      | Reached XP level 7. HP: 24/62 MP: 6/6
  4419 | D:3      | Found a shimmering blue altar of Sif Muna.
  4847 | D:4      | Slain by a gnoll

Illustrated notes

Levels and vault maps discovered:
D:1:      wheals_arrival_linesprint, layout_basic
D:2:      layout_loops_corners, hangedman_decor_clover_reticule, uniq_natasha,
          uniq_robin, uniq_terence
D:3:      layout_basic, mainiacjoe_overflow_alcove_4, lemuel_blue_sif_altar,
          uniq_jessica, uniq_grinder, uniq_sigmund
D:4:      layout_basic, lemuel_round_altar, serial_shops,
          nicolae_shop_hallway_plus

Skill      XL: |  1  2  3  4  5  6 |
---------------+-------------------+-----
Maces & Flails | 4 5 6 7 |  7.6
Fighting       | 4 5 |  5.7
Armour         | 3 4 |  4.8
Dodging        | 3 |  3.2
Stealth        | 1 |  1.2

Action                   |  1- 3 |  4- 6 |  7- 9 || total
-------------------------+-------+-------+-------++-------
Melee: Mace              |    13 |       |       ||    13
       Headbutt          |    11 |    15 |     4 ||    30
       Flail             |    54 |    84 |    30 ||   168
       Punch             |       |     2 |     1 ||     3
Throw: Stone             |       |     2 |       ||     2
Invok: Berserk           |       |     1 |       ||     1
  Use: Scroll            |     1 |       |       ||     1
       Potion            |       |       |     2 ||     2
Armor: Animal skin       |     2 |       |       ||     2
       Leather armour    |    14 |       |       ||    14
       Scale mail        |     5 |    48 |    19 ||    72
Dodge: Dodged            |    44 |    34 |    24 ||   102
